 Dungeon Crawl Stone Soup version 0.28-a0-1382-g92835e5c71 (webtiles) character file.

Game seed: 17960754419487841898

53 Jepp2078 the Skirmisher (level 3, 0/34 HPs)
             Began as a Hill Orc Fighter on Jan 1, 2022.
             Was an Initiate of the Shining One.
             Succumbed to an adder's poison
             ... on level 2 of the Dungeon.
             The game lasted 00:03:27 (1450 turns).

Jepp2078 the Skirmisher (Hill Orc Fighter)          Turns: 1450, Time: 00:03:28

Health: 0/34       AC:  8    Str: 20    XL:     3   Next: 87%
Magic:  3/3        EV:  9    Int:  8    God:    the Shining One [......]
Gold:   48         SH:  4    Dex: 10    Spells: 2/2 levels left

rFire   . . .      SeeInvis .   a - +0 war axe
rCold   . . .      Faith    .   c - +0 buckler
rNeg    . . .      Spirit   .   b - +0 scale mail
rPois   .          Reflect  .   (no helmet)
rElec   .          Harm     .   (no cloak)
rCorr   .          Rampage  .   (no gloves)
Will    .....                   f - +0 pair of boots
Stlth   ..........              (no amulet)
HPRegen 0.11/turn               g - ring of flight
MPRegen 0.08/turn               (no ring)

@: lethally poisoned (0 -> -4), flying, glowing
A: no striking features
a: Renounce Religion


You were on level 2 of the Dungeon.
You worshipped the Shining One.
The Shining One was noncommittal.
You visited 1 branch of the dungeon, and saw 2 of its levels.

You collected 48 gold pieces.

Inventory:

Hand Weapons
 a - a +0 war axe (weapon)
Armour
 b - a +0 scale mail (worn)
 c - a +0 buckler (worn)
 f - a +0 pair of boots (worn)
Jewellery
 g - a ring of flight (left hand)
Scrolls
 e - 2 scrolls of noise {unknown}
 h - a scroll of identify {unknown}
 i - a scroll of fear {unknown}
Potions
 d - a potion of might
 j - a potion of haste {unknown}
 k - a potion of attraction {unknown}


   Skills:
 + Level 4.3 Fighting
 + Level 3.7 Axes
 - Level 3.2 Armour
 + Level 4.0 Shields
 + Level 0.7 Invocations


You had 2 spell levels left.
You didn't know any spells.
Your spell library was empty.

Dungeon Overview and Level Annotations

Branches:
Dungeon (2/15)

Altars:
The Shining One


Message History

You miss the adder.
The adder is moderately wounded.
You feel sick. You block the adder's attack.
The adder bites you but does no damage.
You miss the adder.
The adder is moderately wounded.
You feel sick.
You are no longer poisoned.
The adder bites you but does no damage. The adder bites you.
* * * LOW HITPOINT WARNING * * *
You hit the adder.
The adder is severely wounded.
The adder bites you.
* * * LOW HITPOINT WARNING * * *
You closely miss the adder.
The adder is severely wounded.
The adder barely misses you. The adder bites you but does no damage.
You closely miss the adder.
The adder is severely wounded.
The adder bites you but does no damage. The adder closely misses you.
You closely miss the adder.
The adder is severely wounded.
The adder bites you.
* * * LOW HITPOINT WARNING * * *
You are lethally poisoned!
The adder poisons you! The adder bites you.
* * * LOW HITPOINT WARNING * * *
You closely miss the adder.
The adder is severely wounded.
* * * LOW HITPOINT WARNING * * *
You feel very sick. The adder barely misses you.
You completely miss the adder.
The adder is severely wounded.
* * * LOW HITPOINT WARNING * * *
You feel sick. The adder bites you but does no damage.
You block the adder's attack.
You barely miss the adder.
The adder is severely wounded.
You die...

#.###.# #.# #.# #.
#.# #.# #. #.# #.#
#. ## #.# #.#
#.####. ..#
#.###... .. # ..#
#.##...# #. .# ..#
#. #..# #.###.# ..#
#. ##.###.S@.# ..#
#.###.#.####.##
.####..#.#.####.##
........###......#
#####..).#.###.##.#
# ####...# #.# #.#
# ## #...# #.## .#
## #....#.###..## #
.# #.####...<....


You could see an adder.

Vanquished Creatures
  An adder (D:2)
  A dart slug (D:1)
  8 endoplasms
  5 giant cockroaches
  A goblin (D:1)
  2 hobgoblins
  2 kobolds
  A quokka (D:1)
  4 ball pythons (D:1)
  6 bats
  7 frilled lizards (D:1)
  A rat (D:1)
39 creatures vanquished.

Notes
Turn   | Place    | Note
-------+----------+-------------------------------------------
     0 | D:1      | Jepp2078 the Hill Orc Fighter began the quest for the Orb.
     0 | D:1      | Reached XP level 1. HP: 19/19 MP: 1/1
   225 | D:1      | Reached XP level 2. HP: 27/27 MP: 2/2
   466 | D:1      | Reached XP level 3. HP: 33/33 MP: 3/3
   965 | D:2      | Found a glowing golden altar of the Shining One.
   982 | D:2      | Became a worshipper of the Shining One
  1449 | D:2      | HP: 1/34 [poisoned by an adder]
  1450 | D:2      | Succumbed to an adder's poison

Illustrated notes

Levels and vault maps discovered:
D:1:      amcnicky_arrival_underground_garden, layout_basic, serial_rivers,
          chequers_serial_rivers_small_a, chequers_serial_rivers_small_3,
          chequers_serial_rivers_room_b, chequers_serial_rivers_small_a,
          chequers_serial_rivers_micro_d, grunt_decor_mini_mirrors,
          amcnicky_mini_rare_corridor_liquid
D:2:      layout_loops_ring, basic_altar

Skill      XL: |  1  2  3 |
---------------+----------+-----
Axes           | 3 |  3.7
Fighting       | 4 |  4.3
Shields        | 4 |  4.0
Armour         | |  3.2
Invocations    | |  0.7

Action                   || total
-------------------------++-------
Melee: War axe           ||    84
       Mace              ||    54
Armor: Scale mail        ||    79
Dodge: Dodged            ||    56
Block: Buckler           ||    33

Table legend: (Time is in decaauts)
 A = Elapsed time spent in this place.
 B = Non-inter-level travel time spent in this place.
 C = Inter-level travel time spent in this place.
 D = Time resting spent in this place.
 E = Time spent auto-exploring this place.
 F = Levels seen in this place.
 G = Mean time per level.
                   A        B        C        D        E       F      G
               +--------+--------+--------+--------+--------+-----+--------+
         Total |   1495 |   1466 |     29 |      0 |   1124 |   2 |  747.5 |
       Dungeon |   1495 |   1466 |     29 |      0 |   1124 |   2 |  747.5 |
               +--------+--------+--------+--------+--------+-----+--------+

Top non-repeatable levels by time:
     D:1: 996 daAuts
     D:2: 499 daAuts
